 Dungeon Crawl Stone Soup version 0.18.1-48-g4cf74bf (webtiles) character file.

169 Slippy the Sneak (level 5, -3/24 HPs)
             Began as a Spriggan Enchanter on July 21, 2016.
             Slain by Sigmund
             ... wielding a +0 scythe
              (16 damage)
             ... on level 3 of the Dungeon.
             The game lasted 00:09:47 (3053 turns).

Slippy the Sneak (Spriggan Enchanter)               Turns: 3053, Time: 00:09:47

Health: -3/24      AC:  7    Str:  4    XL:     5   Next: 25%
Magic:  4/12       EV: 18    Int: 22    God:
Gold:   145        SH:  0    Dex: 16    Spells: 3 memorised, 6 levels left

rFire  . . .     SeeInvis +     a - +1 dagger
rCold  . . .     Gourm    .     b - +2 robe
rNeg   . . .     Faith    .     (shield restricted)
rPois  .         Spirit   .     (helmet restricted)
rElec  .         Dismiss  .     o - +2 cloak {+Inv}
rCorr  .         Reflect  .     (gloves unavailable)
SustAt .         Harm     .     (boots unavailable)
MR     .....                    (no amulet)
Stlth  ++++......               (no ring)
                                n - +4 ring of intelligence

@: very quick, not resistant to hostile enchantments, stealthy
A: unfitting armour, see invisible, herbivore 3, speed 3, slow metabolism 2
a: Evoke Invisibility


You were on level 3 of the Dungeon.
You were full.

You visited 1 branch of the dungeon, and saw 3 of its levels.

You collected 145 gold pieces.

Inventory:

Hand Weapons
 a - a +1 dagger (weapon)
 e - a +1 short sword of draining
Missiles
 i - 5 poisoned needles
Armour
 b - a +2 robe (worn)
 o - a +2 cloak of invisibility (worn)
Jewellery
 n - a +4 ring of intelligence (left hand)
Scrolls
 f - a scroll of recharging {unknown}
 g - 2 scrolls of remove curse
 m - a scroll of fear {unknown}
Potions
 j - a potion of might
 k - 4 potions of curing {unknown}
Books
 c - a book of Maledictions

   Spells                             Type                      Level
   a - Corona                         Hexes                        1
   b - Ensorcelled Hibernation        Hexes/Ice                    2
   c - Confuse                        Hexes                        3
   d - Tukima's Dance                 Hexes                        3
   e - Dazzling Spray                 Conjuration/Hexes            3
Comestibles
 h - a slice of pizza
 l - a royal jelly


   Skills:
 - Level 1.1 Short Blades
 - Level 3.0 Dodging
 + Level 5.6 Stealth
 * Level 4.4 Spellcasting
 * Level 5.6 Hexes


You had 6 spell levels left.
You knew the following spells:

 Your Spells              Type           Power        Failure   Level  Hunger
a - Corona                Hex            ####...      1%          1    None
b - Ensorcelled Hibernat  Hex/Ice        ###...       8%          2    #......
c - Confuse               Hex            ####....     3%          3    ##.....


Dungeon Overview and Level Annotations

Branches:
Dungeon (3/15)

Altars:
Cheibriados

Annotations:
D:3 Sigmund


Innate Abilities, Weirdness & Mutations

You are tiny and cannot use many weapons and most armour.
You have supernaturally acute eyesight.
You are a herbivore.
You cover ground extremely quickly.
You need consume almost no food.


Message History

Sigmund resists with almost no effort.
Sigmund hits you with a scythe!
Casting: Ensorcelled Hibernation
Confirm with . or Enter, or press ? or * to list all spells.
Aiming: Ensorcelled Hibernation
Press: ? - help, Shift-Dir - straight line, f/p - Sigmund
Aim: Sigmund, wielding a scythe and wearing an embroidered robe (heavily wounded, chance to defeat MR: 56%) Sigmund resists with almost no effort.
Sigmund gestures wildly while chanting.
Sigmund flickers and vanishes for a moment.
Casting: Ensorcelled Hibernation
Confirm with . or Enter, or press ? or * to list all spells.
Aiming: Ensorcelled Hibernation
Press: ? - help, Shift-Dir - straight line, f/p - Sigmund
Aim: Sigmund, wielding a scythe and wearing an embroidered robe (heavily wounded, slightly transparent, chance to defeat MR: 56%) Sigmund looks drowsy...
Sigmund shouts!
Sigmund is suddenly surrounded by pale blue light.
Sigmund hits you with a scythe!
Ouch! That really hurt!
You die...

..........# #.#......##.###.##
.#........# #.##.....##.###.##
##........# #..'..........#...
##....#############.....##.#.####
.#.)..+................)##.#.#
.##...##########........##.#.####
.##...# #....###..#.#.##(.
.+....# #######'######.#..()..#
.+....# #....@@........#.#.....
.##...# #.............)#.######
.###### #......................
.# #######.#######..#####. ##
#...........# #. #
##########..####. #.>.....
##.##### #......


You could see Sigmund (invisible).

Vanquished Creatures
  A hound (D:3)
  Crazy Yiuf (D:3)
  3 gnolls (D:2)
  An adder (D:3)
  5 worms
  2 dart slugs
  2 giant geckos (D:3)
  4 orcs (D:3)
  8 bats
  4 giant cockroaches
  2 goblins (D:3)
  4 hobgoblins
  7 kobolds
  5 giant newts
  4 rats
53 creatures vanquished.

Notes
Turn   | Place    | Note
--------------------------------------------------------------
     0 | D:1      | Slippy the Spriggan Enchanter began the quest for the Orb.
     0 | D:1      | Reached XP level 1. HP: 9/9 MP: 5/5
    99 | D:1      | Reached XP level 2. HP: 7/13 MP: 5/7
   103 | D:1      | Learned a level 2 spell: Ensorcelled Hibernation
   756 | D:2      | Reached XP level 3. HP: 16/16 MP: 3/9
   764 | D:2      | Reached skill level 5 in Stealth
  1264 | D:2      | Learned a level 3 spell: Confuse
  1323 | D:3      | Reached XP level 4. HP: 21/21 MP: 5/10
  1355 | D:3      | Found a snail-covered altar of Cheibriados.
  1434 | D:3      | Reached skill level 5 in Hexes
  1691 | D:3      | Noticed Sigmund
  2594 | D:3      | Reached XP level 5. HP: 19/24 MP: 5/12
  2718 | D:3      | Noticed Crazy Yiuf
  2740 | D:3      | Killed Crazy Yiuf
  3053 | D:3      | Slain by Sigmund

Skill      XL: |  1  2  3  4 |
---------------+-------------+-----
Spellcasting   | 3 4 |  4.4
Hexes          | 4 5 |  5.6
Stealth        | 5 |  5.6
Short Blades   | |  1.1
Dodging        | |  3.0

Action                   |  1- 3 |  4- 6 || total
-------------------------+-------+-------++-------
Melee: Dagger            |    70 |   105 ||   175
 Cast: Corona            |     1 |       ||     1
       Ensorcelled Hiber |    16 |    33 ||    49
       Confuse           |       |     7 ||     7
  Use: Scroll            |     6 |     1 ||     7
 Stab: Sleeping          |    16 |    18 ||    34
       Confused          |       |     1 ||     1
       Distracted        |       |     1 ||     1
  Eat: Bread ration      |       |     1 ||     1
Armor: Robe              |    12 |    18 ||    30
Dodge: Dodged            |    64 |   135 ||   199
